Map: 永恒帝国-天梯版

Players

TIME (Oliveira) - Winner!

  • Race: Terran Terran
  • League: Master

iGXiGua (XiGua)

  • Race: Zerg Zerg

Event: DreamHack SC2 Masters 2020 Fall

VOD

Have the link to the VOD?

Description

Time

  • Played on: Sept. 4, 2020, 7:56 a.m.
  • Length: 11:20

All games in this series

Show
View Real Time Build Order
Export as new Build Order

TIME Terran - Winner!

Build Orders: Liberator Opening, Reaper Expand 

Get SALT Encoding   

  12  0:00  SCV  
  13  0:12  SCV  
  14  0:17  Supply Depot  
  14  0:24  SCV  
  15  0:39  SCV, Barracks  
  16  0:43  Refinery  
  16  0:51  SCV  
  17  1:03  SCV  
  18  1:15  SCV  
  19  1:27  Reaper, Orbital Command  
  20  1:40  Command Center  
  20  1:50  Supply Depot  
  20  1:52  SCV  
  21  1:59  Marine  
  22  2:05  SCV  
  23  2:08  Factory  
  23  2:15  Refinery  
  23  2:18  SCV  
  24  2:24  Barracks Reactor  
  24  2:30  SCV  
  25  2:42  SCV  
  26  2:52  Starport  
  26  2:54  SCV, Orbital Command  
  27  3:05  Hellion x2  
  31  3:06  SCV  
  31  3:07  Barracks Tech Lab  
  32  3:20  SCV x2  
  32  3:26  Hellion x2  
  38  3:27  Supply Depot  
  38  3:32  SCV x2  
  40  3:35  Marine, Liberator  
  44  3:44  SCV  
  44  3:48  Hellion  
  44  3:52  SCV  
  44  3:54  Hellion  
  44  4:01  SCV  
  43  4:09  SCV  
  43  4:10  Hellion  
  43  4:12  Supply Depot  
  43  4:16  Barracks Tech Lab  
  45  4:21  SCV  
  46  4:30  Command Center  
  46  4:33  SCV  
  46  4:36  Stimpack  
  46  4:37  Supply Depot  
  46  4:38  Marine  
  51  4:41  SCV  
  52  4:46  SCV, Factory Reactor  
  50  4:53  SCV, Barracks  
  50  4:55  Starport Reactor, Marine  
  50  4:56  Barracks  
  50  4:58  SCV, Supply Depot  
  49  5:08  SCV  
  49  5:10  SCV  
  51  5:16  Engineering Bay, Refinery, Marine  
  51  5:17  Refinery  
  51  5:18  Engineering Bay  
  51  5:20  SCV  
  53  5:22  SCV  
  54  5:32  SCV  
  54  5:34  SCV  
  56  5:38  Siege Tank  
  56  5:39  Marine  
  56  5:40  Marine x2  
  56  5:41  Medivac x2  
  56  5:42  Orbital Command  
  66  5:44  SCV  
  66  5:46  SCV  
  66  5:48  Terran Infantry Weapons Level 1, Terran Infantry Armor Level 1  
  68  5:52  Marine x2  
  68  5:56  SCV  
  68  6:00  SCV  
  68  6:04  Marine x2  
  69  6:06  Supply Depot  
  69  6:07  Orbital Command, Marine  
  69  6:08  Supply Depot  
  69  6:10  Marine  
  73  6:14  Marine  
  73  6:16  Siege Tank  
  73  6:17  SCV  
  78  6:20  Medivac x2  
  78  6:23  SCV  
  78  6:25  Marine  
  84  6:27  Marine  
  84  6:30  Combat Shield, Marine, Supply Depot  
  84  6:32  SCV  
  87  6:33  SCV  
  87  6:35  Marine x2  
  90  6:40  SCV  
  90  6:45  Marine  
  92  6:49  Marine  
  92  6:53  Marine  
  88  6:56  Marine  
  88  6:57  Marine  
  88  6:58  Siege Tank  
  88  6:59  SCV x2, Medivac x2  
  88  7:00  SCV  
  94  7:03  Marine, Barracks  
  94  7:05  Barracks  
  94  7:06  Supply Depot  
  94  7:07  Marine  
  96  7:10  Marine  
  96  7:11  SCV x2  
  96  7:12  Armory, SCV  
  96  7:14  Marine  
  101  7:17  Marine  
  101  7:18  Supply Depot  
  102  7:25  SCV  
  102  7:27  Marine  
  102  7:28  SCV  
  105  7:30  Marine  
  105  7:32  SCV  
  107  7:39  Marine  
  107  7:40  Siege Tank  
  112  7:45  Marine  
  112  7:46  Marine  
  112  7:47  SCV  
  112  7:49  Marine x2  
  110  7:53  Armory  
  110  7:55  SCV, Command Center  
  110  7:57  Factory  
  111  7:58  Marine  
  111  8:00  Barracks Reactor x2  
  111  8:03  Terran Infantry Weapons Level 2  
  111  8:04  SCV  
  111  8:05  Terran Infantry Armor Level 2  
  109  8:06  Marine  
  109  8:07  SCV  
  109  8:08  SCV  
  109  8:10  Refinery  
  109  8:11  Refinery  
  111  8:13  Supply Depot  
  111  8:16  SCV  
  111  8:17  Marine x3  
  111  8:18  Siege Tank  
  111  8:19  SCV  
  116  8:20  SCV  
  116  8:26  Marine  
  118  8:29  Marine  
  114  8:34  Marine  
  114  8:39  Marine  
  114  8:40  Marine  
  110  8:41  Marine  
  110  8:42  Marine x2  
  110  8:45  SCV, Marine  
  110  8:48  Medivac x2  
  112  8:49  Marine x2  
  112  8:50  SCV x2, Factory Reactor  
  112  8:52  Marine  
  116  8:57  Marine, Barracks x2  
  116  8:59  Widow Mine, Barracks, Marine  
  116  9:01  SCV  
  121  9:03  Marine  
  121  9:05  SCV, Marine x3  
  121  9:06  Marine  
  121  9:07  Marine  
  121  9:09  Terran Vehicle And Ship Armor Level 1  
  128  9:10  Marine  
  128  9:11  SCV  
  128  9:16  Marine  
  131  9:17  Marine  
  131  9:20  Marine  
  131  9:23  Supply Depot, Marine x2  
  135  9:24  Supply Depot, Widow Mine  
  135  9:25  Marine  
  137  9:32  Marine x2  
  137  9:33  Marine x2  
  137  9:35  Marine, Widow Mine x2  
  137  9:37  Planetary Fortress  
  133  9:38  Marine  
  133  9:41  Marine x2  
  133  9:43  Medivac x2, Marine  
  141  9:47  Supply Depot  
  141  9:49  Barracks Tech Lab x2  
  141  9:50  Widow Mine  
  141  9:51  Barracks Tech Lab  
  143  9:59  Marine x3  
  142  10:01  Widow Mine  
  142  10:02  Widow Mine  
  142  10:04  Marine  
  142  10:05  Marine x2  
  149  10:09  Marine  
  149  10:14  Marine  
  149  10:15  Marine  
  149  10:19  Marine x2  
  150  10:21  Marine  
  150  10:22  Marine  
  150  10:25  Command Center  
  150  10:27  Widow Mine x3  
  150  10:28  Marine x2  
  161  10:32  SCV x2  
  161  10:33  Supply Depot, Marine  
  161  10:34  Command Center  
  164  10:36  Marauder  
  164  10:37  Marine  
  166  10:43  Marine, Sensor Tower  
  166  10:44  Marine x2  
  166  10:45  Marauder  
  171  10:51  Marine  
  171  10:52  Supply Depot  
  171  10:55  Marauder x2, Marine  
  176  10:58  Marine x2  
Show
View Real Time Build Order
Export as new Build Order

iGXiGua Zerg 

Build Orders: Hatch First 

Get SALT Encoding   

  12  0:00  Drone  
  13  0:12  Overlord  
  13  0:17  Drone  
  14  0:32  Drone x2  
  16  0:48  Hatchery  
  15  0:52  Drone  
  15  0:55  Drone  
  17  0:58  Drone  
  17  1:02  Extractor  
  17  1:14  Spawning Pool  
  17  1:17  Drone  
  17  1:21  Drone  
  18  1:28  Drone  
  19  1:39  Overlord  
  19  1:50  Drone  
  20  2:01  Queen x2  
  20  2:02  Zergling x4  
  20  2:08  Metabolic Boost  
  26  2:11  Drone  
  27  2:15  Drone  
  28  2:26  Drone x2, Extractor  
  29  2:34  Extractor  
  29  2:41  Hatchery  
  27  2:45  Queen  
  29  2:51  Overlord  
  29  2:54  Drone  
  29  2:57  Zergling x4  
  32  3:02  Zergling x4  
  34  3:08  Zergling x2  
  34  3:09  Zergling x2  
  36  3:16  Zergling x6  
  39  3:23  Queen  
  39  3:25  Overlord  
  41  3:28  Zergling x2  
  41  3:33  Overlord  
  42  3:35  Drone  
  43  3:41  Drone  
  43  3:45  Drone x2  
  43  3:46  Drone  
  45  3:53  Drone x4  
  46  4:02  Drone  
  46  4:03  Drone  
  46  4:05  Drone x2  
  47  4:13  Overlord  
  47  4:14  Queen  
  47  4:15  Overlord  
  49  4:21  Overlord  
  49  4:26  Roach Warren  
  49  4:27  Drone x2  
  49  4:28  Drone  
  51  4:35  Drone x2  
  51  4:36  Drone x3  
  51  4:37  Extractor  
  55  4:41  Zergling x4  
  55  4:42  Zergling x2  
  58  4:46  Drone x2  
  58  4:52  Overlord, Queen  
  62  4:58  Drone  
  62  5:00  Drone x2  
  62  5:02  Drone  
  59  5:10  Zergling x6  
  60  5:14  Zergling x4  
  62  5:22  Drone x4  
  66  5:29  Evolution Chamber  
  63  5:37  Lair, Evolution Chamber, Drone  
  63  5:39  Drone  
  63  5:40  Drone  
  65  5:44  Drone x2  
  65  5:45  Drone  
  68  5:52  Drone x5  
  68  5:54  Drone x2  
  76  5:57  Drone x2  
  76  5:58  Drone  
  76  6:01  Zerg Ground Armor Level 1  
  76  6:03  Drone  
  79  6:06  Zerg Melee Weapons Level 1  
  79  6:07  Drone  
  79  6:11  Drone, Extractor x2  
  78  6:12  Baneling Nest  
  78  6:15  Drone x3  
  78  6:18  Extractor x2  
  79  6:20  Queen  
  79  6:21  Zergling x2  
  79  6:22  Zergling x4  
  84  6:27  Drone  
  84  6:28  Drone x3  
  84  6:31  Zergling x6  
  90  6:34  Zergling x6  
  90  6:35  Zergling x2  
  93  6:42  Overlord  
  93  6:43  Overlord  
  91  6:50  Overlord  
  91  6:52  Zergling x2  
  91  6:53  Zergling x2  
  84  6:58  Drone x9  
  84  6:59  Drone  
  88  7:02  Centrifical Hooks  
  88  7:03  Drone x2  
  88  7:07  Baneling x4  
  90  7:12  Zergling x4  
  92  7:18  Zergling x2  
  93  7:24  Zergling x6  
  93  7:28  Zergling x6  
  98  7:30  Hatchery  
  98  7:34  Zergling x2  
  98  7:35  Zergling x8  
  97  7:46  Zergling x6  
  90  7:51  Zergling x2  
  87  7:58  Zergling x14  
  87  8:00  Queen x3  
  87  8:03  Baneling x2  
  87  8:04  Zergling x2, Baneling x2  
  87  8:05  Zergling x2  
  101  8:07  Baneling x3  
  101  8:08  Zerg Ground Armor Level 2, Zerg Melee Weapons Level 2  
  101  8:09  Zergling x2  
  99  8:14  Zergling x4  
  99  8:18  Baneling x4  
  98  8:22  Zergling x4  
  98  8:26  Zergling x8  
  102  8:30  Zergling x2  
  100  8:40  Zergling x2  
  100  8:41  Zergling x4  
  88  8:49  Queen x2  
  88  8:50  Zergling x6  
  88  8:53  Zergling x6  
  91  9:03  Zergling x4  
  91  9:04  Hatchery, Baneling x6  
  91  9:05  Zergling x6, Spire  
  94  9:13  Zergling x4  
  96  9:17  Zergling x2  
  96  9:19  Baneling x3  
  96  9:21  Queen  
  96  9:23  Zergling x12  
  105  9:31  Zergling x6  
  102  9:38  Zergling x4  
  94  9:39  Baneling x2  
  94  9:41  Zergling x2  
  95  9:46  Hatchery  
  95  9:47  Baneling x6  
  95  9:49  Zergling x6  
  97  9:53  Zergling x4  
  91  10:03  Zergling x2  
  91  10:04  Zergling x4  
  92  10:12  Zergling x8  
  94  10:17  Zergling x2  
  94  10:20  Hatchery  
  94  10:21  Zergling x8  
  95  10:23  Baneling x3  
  95  10:24  Baneling x4  
  95  10:31  Zergling x6  
  96  10:49  Hatchery  
  93  10:51  Mutalisk x6, Drone  

Tags
 
Add a new tag
Caveats
  • Supply blocks, unpowered buildings, or Contaminate may cause inaccurate times.
  • Supply counts are checked every 10 seconds.